 Dungeon Crawl Stone Soup version 0.23-a0-189-gc87c613 (webtiles) character file.

11156 Felrender the Cleaver (level 11, 0/101 HPs)
             Began as a Minotaur Berserker on Sept 23, 2018.
             Was a High Priest of Trog.
             Killed from afar by an oklob plant (5 damage)
             ... with a splash of acid
             ... on level 1 of the Lair of Beasts.
             The game lasted 00:27:43 (11457 turns).

Felrender the Cleaver (Minotaur Berserker)         Turns: 11457, Time: 00:27:44

Health: 0/101      AC:  2    Str: 26    XL:     11   Next: 45%
Magic:  10/10      EV: 12    Int:  4    God:    Trog [*****.]
Gold:   454        SH:  0    Dex:  9    Spells: 10/10 levels left

rFire    + . .     SeeInvis .   a - +7 battleaxe
rCold    + . .     Gourm    .   (shield currently unavailable)
rNeg     + . .     Faith    .   C - +0 pearl dragon scales "Ewkypeaj" {rElec rF+ rC+ rN+ Stlth-}
rPois    .         Spirit   .   r - +1 hat
rElec    +         Reflect  .   w - +2 cloak
rCorr    .         Harm     .   o - +0 pair of gloves
MR       .....                  l - +1 pair of boots {Stlth+}
Stlth    +.........             g - amulet of regeneration
HPRegen  0.66/turn              E - ring of stealth
MPRegen  0.12/turn              B - ring of flight

@: corroded
A: retaliatory headbutt, horns 2
a: Berserk, Trog's Hand, Brothers in Arms, Renounce Religion, Evoke Flight


You were on level 1 of the Lair of Beasts.
You worshipped Trog.
Trog was extremely pleased with you.
You were not hungry.

You visited 2 branches of the dungeon, and saw 11 of its levels.

You collected 532 gold pieces.
You spent 78 gold pieces at shops.

Inventory:

Hand Weapons
 a - a +7 battleaxe (weapon)
Armour
 l - a +1 pair of boots of stealth (worn)
 o - a +0 pair of gloves (worn)
 r - a +1 hat (worn)
 w - a +2 cloak (worn)
 C - the +0 pearl dragon scales "Ewkypeaj" (worn) {rElec rF+ rC+ rN+ Stlth-}
   (You found it on level 9 of the Dungeon)

   It protects you from fire.
   It protects you from cold.
   It insulates you from electricity.
   It protects you from negative energy.
   It makes you less stealthy.
Magical Staves
 G - a cursed staff of poison {unknown}
 I - an uncursed staff of wizardry {unknown}
Jewellery
 b - an uncursed ring of positive energy {unknown}
 g - an amulet of regeneration (around neck)
 u - an uncursed ring of fire
 B - a ring of flight (right hand)
 D - an uncursed amulet of guardian spirit
 E - a ring of stealth (left hand)
Wands
 x - a wand of acid (9)
 y - a wand of enslavement (14)
 z - a wand of disintegration (26)
 A - a wand of paralysis (7)
Scrolls
 j - 6 scrolls of remove curse
 m - 2 scrolls of magic mapping
 p - 3 scrolls of teleportation
 t - a scroll of blinking
Potions
 e - 2 potions of haste
 f - 3 potions of flight
 h - 2 potions of mutation
 i - 3 potions of agility
 n - 4 potions of curing
 q - 4 potions of cancellation
 s - 3 potions of brilliance {unknown}
 v - 2 potions of might
 F - 2 potions of berserk rage {unknown}
Comestibles
 c - 13 rations
 H - 6 chunks of flesh


   Skills:
 + Level 10.5 Fighting
 + Level 13.3 Axes
 + Level 10.0 Armour
 + Level 6.0 Dodging
 + Level 0.9 Stealth
   Level 1.6 Shields
 + Level 7.1 Unarmed Combat
 + Level 0.1 Evocations


You had 10 spell levels left.
You didn't know any spells.
Your spell library was empty.

Dungeon Overview and Level Annotations

Branches:
Dungeon (10/15)            Temple (0/1) D:7            Lair (1/6) D:10
    Orc: D:9-12

Altars:
Fedhas
Okawaru
Trog
Uskayaw
Vehumet
Xom

Shops:
D:6 *

Annotations:
Lair:1 exclusion: oklob plant


Innate Abilities, Weirdness & Mutations

You reflexively headbutt those who attack you in melee.
You have a pair of horns on your head.


Message History

You see here a robe.
The plant is no longer covered in acid.
You see here 15 gold pieces.
You hit the oklob plant.
You headbutt the oklob plant, but do no damage.
The oklob plant is almost destroyed.
You hit the oklob plant but do no damage.
You headbutt the oklob plant, but do no damage.
The oklob plant is almost destroyed.
The oklob plant spits acid at you. The splash of acid hits you!
* * * LOW HITPOINT WARNING * * *
The acid corrodes you!
You are splashed with acid!
The acid burns!
* * * LOW HITPOINT WARNING * * *
You hit the oklob plant.
You headbutt the oklob plant, but do no damage.
The oklob plant is almost destroyed.
The oklob plant spits acid at you. The splash of acid hits you!
You die...

#P........##....##
##.......###.P.รท.#
#.##...## ###....
####.#.# ##...
#.### #... ##..#
#...... #####...#
#...... #./.P...#
#...... #P@[....#
#.##..) #..$P..##
## #... #####.##
#... ### ..# . . .
. .


You could see an oklob plant.

Vanquished Creatures
  Harold (D:7)
  Pikel (D:4)
  A manticore (D:9)
  An oklob plant (Lair:1)
  Joseph (D:8)
  A spiny frog (Lair:1)
  A centaur skeleton (D:10)
  A komodo dragon (Lair:1)
  A tengu conjurer (D:9)
  Prince Ribbit (D:6)
  4 blink frogs (Lair:1)
  The ghost of xfalz the Slinger, an amateur HaHu (D:4)
  A hippogriff (D:6)
  A spriggan (D:7)
  A wraith (D:10)
  A wyvern (D:9)
  4 basilisks (D:10)
  A vampire mosquito (D:9)
  A hungry ghost (D:10)
  3 water moccasins
  A slave (D:4)
  A swamp drake (D:10)
  4 ice beasts
  5 phantoms
  A sky beast (D:5)
  6 centaurs
  3 ogres
  7 crocodiles
  7 bullfrogs
  3 scorpions
  5 killer bees (D:10)
  13 wights
  4 crimson imps
  3 howler monkeys
  3 centaur zombies
  2 hounds
  2 jellies
  8 orc priests
  4 iguanas
  An orc wizard (D:4)
  2 bullfrog skeletons
  Ijyb (D:3)
  Natasha (twice) (D:4)
  3 worker ants
  A hound skeleton (D:9)
  2 worker ant zombies
  22 gnolls
  7 adders
  2 adder skeletons
  3 worms
  3 dart slugs
  5 leopard geckos
  20 orcs
  4 giant cockroaches
  7 goblins
  7 hobgoblins
  19 jackals
  3 kobolds (D:1)
  4 quokkas
  5 bats
  6 frilled lizards
  A leopard gecko skeleton (D:5)
  A leopard gecko zombie (D:8)
  2 quokka skeletons
  3 rats
  A fungus (Lair:1)
247 creatures vanquished.

Vanquished Creatures (others)
  A wyvern skeleton (D:9)
  A plant (Lair:1)
2 creatures vanquished.

Grand Total: 249 creatures vanquished

Notes
Turn   | Place    | Note
-------+----------+-------------------------------------------
     0 | D:1      | Felrender the Minotaur Berserker began the quest for the
                  | Orb.
     0 | D:1      | Reached XP level 1. HP: 19/19 MP: 0/0
   596 | D:2      | Found a hide-covered altar of Uskayaw.
   605 | D:2      | Reached skill level 4 in Axes
   605 | D:2      | Reached XP level 2. HP: 24/27 MP: 1/1
   644 | D:2      | Reached XP level 3. HP: 27/33 MP: 2/2
   772 | D:2      | Reached XP level 4. HP: 35/41 MP: 3/3
   931 | D:2      | Reached skill level 5 in Axes
   938 | D:2      | Reached ** piety under Trog
  1088 | D:2      | Reached skill level 5 in Fighting
  1515 | D:3      | Reached XP level 5. HP: 26/48 MP: 4/4
  1631 | D:3      | Noticed Ijyb
  1651 | D:3      | Killed Ijyb
  1724 | D:3      | Found a shimmering altar of Xom.
  1742 | D:3      | Found a shimmering altar of Xom.
  1898 | D:3      | Reached skill level 6 in Axes
  2223 | D:3      | Reached XP level 6. HP: 35/56 MP: 5/5
  2568 | D:4      | Reached skill level 1 in Unarmed Combat
  2625 | D:4      | Noticed Natasha
  2629 | D:4      | Killed Natasha
  2633 | D:4      | Reached *** piety under Trog
  3155 | D:4      | Found a large runed door.
  3157 | D:4      | Found a large runed door.
  3159 | D:4      | Noticed xfalz's ghost (amateur HaHu)
  3171 | D:4      | Killed xfalz's ghost
  3171 | D:4      | Reached XP level 7. HP: 62/63 MP: 6/6
  3294 | D:4      | Noticed Natasha
  3304 | D:4      | Killed Natasha
  3456 | D:4      | Reached skill level 7 in Axes
  3456 | D:4      | Reached skill level 5 in Armour
  3657 | D:4      | Noticed Pikel
  3670 | D:4      | Killed Pikel
  3670 | D:4      | Reached XP level 8. HP: 29/71 MP: 7/7
  3911 | D:4      | Found a shimmering altar of Xom.
  4176 | D:5      | Entered Level 5 of the Dungeon
  4562 | D:5      | Reached skill level 8 in Axes
  5042 | D:5      | Found a blossoming altar of Fedhas.
  5413 | D:6      | Noticed a hippogriff
  5425 | D:6      | Killed a hippogriff
  5425 | D:6      | Reached XP level 9. HP: 79/79 MP: 8/8
  5429 | D:6      | Reached skill level 1 in Shields
  5578 | D:6      | Reached skill level 5 in Dodging
  5785 | D:6      | Reached skill level 5 in Unarmed Combat
  5786 | D:6      | Found Liump's General Store.
  5800 | D:6      | Bought a +0 battleaxe for 78 gold pieces
  5876 | D:6      | Noticed Prince Ribbit
  5914 | D:6      | Killed Prince Ribbit
  5914 | D:6      | Reached skill level 9 in Axes
  6586 | D:7      | Found an iron altar of Okawaru.
  6744 | D:7      | Reached **** piety under Trog
  6775 | D:7      | Noticed Harold
  6795 | D:7      | Killed Harold
  6795 | D:7      | Reached skill level 10 in Axes
  6795 | D:7      | Reached XP level 10. HP: 52/88 MP: 9/9
  7468 | D:7      | Found a staircase to the Ecumenical Temple.
  7978 | D:8      | Noticed Joseph
  7983 | D:8      | Paralysed by Joseph for 2 turns
  7986 | D:8      | Killed Joseph
  8186 | D:8      | Reached skill level 11 in Axes
  8650 | D:9      | Found a radiant altar of Vehumet.
  8883 | D:9      | Found a bloodstained altar of Trog.
  9049 | D:9      | Noticed a manticore
  9061 | D:9      | Killed a manticore
  9061 | D:9      | Reached skill level 12 in Axes
  9295 | D:9      | Got ichor-stained pearl dragon scales
  9342 | D:9      | Identified the +0 pearl dragon scales "Ewkypeaj" {rElec rF+
                  | rC+ rN+ Stlth-} (You found it on level 9 of the Dungeon)
  9964 | D:10     | Entered Level 10 of the Dungeon
 10188 | D:10     | Reached ***** piety under Trog
 10199 | D:10     | Reached XP level 11. HP: 97/97 MP: 10/10
 10662 | D:10     | Found a staircase to the Lair.
 11037 | Lair:1   | Entered Level 1 of the Lair of Beasts
 11113 | Lair:1   | Reached skill level 13 in Axes
 11131 | Lair:1   | Reached skill level 10 in Fighting
 11147 | Lair:1   | Reached skill level 10 in Armour
 11344 | Lair:1   | Noticed an oklob plant
 11344 | Lair:1   | Noticed an oklob plant
 11450 | Lair:1   | Killed an oklob plant
 11450 | Lair:1   | HP: 5/101 [acid (17)]
 11456 | Lair:1   | HP: 4/101 [acid (10)]
 11457 | Lair:1   | Killed from afar by an oklob plant

Vault maps used:
D:1:      evilmike_arrival_plus, hangedman_decor_riveting, st_stairs_8,
          minmay_misc_feat_enclosed
D:2:      eat_drink_and_be_merry_uskayaw, first_ration
D:3:      xom_redecorated, uniq_ijyb
D:4:      lemuel_crystal_altar, ebering_ghost_disaster_area, uniq_pikel,
          uniq_natasha
D:5:      marbit_many_paths, hangedman_decor_growths
D:6:      serial_shops, shop, grunt_ministairs_11, grunt_decor_one_mirror,
          uniq_prince_ribbit1
D:7:      okawaru_trees_2, minmay_temple_entry_mist, the_bakery, uniq_harold
D:8:      uniq_joseph
D:9:      minmay_the_grid_square_5x5_3x3, lemuel_crystal_altar,
          fiery_altar_vehumet
D:10:     erik_lair_dragon, minivault_11
Lair:1:   roderic_batcave, grunt_megastairs_4, infiniplex_staircase_pool_2,
          minmay_lair_oklob_chamber, serial_bayou_shore_b

Skill      XL: |  1  2  3  4  5  6  7  8  9 10 11 |
---------------+----------------------------------+-----
Fighting       | 4 5 6 7 8 9 10 | 10.5
Axes           | 4 5 6 7 8 10 12 13 | 13.3
Armour         | 3 4 6 7 8 9 10 | 10.0
Dodging        | 3 4 5 6 |  6.0
Unarmed Combat | 2 3 4 6 7 |  7.1
Shields        | 1 |  1.6
Stealth        | |  0.9
Evocations     | |  0.1

Action                   |  1- 3 |  4- 6 |  7- 9 | 10-12 || total
-------------------------+-------+-------+-------+-------++-------
Melee: Hand axe          |    33 |   184 |   158 |       ||   375
       Headbutt          |     4 |    37 |    50 |    43 ||   134
       Punch             |       |     1 |     1 |       ||     2
       Battleaxe         |       |       |    83 |   273 ||   356
Invok: Berserk           |       |     2 |     4 |     1 ||     7
Evoke: Wand              |       |       |       |     8 ||     8
  Use: Scroll            |     3 |    10 |     8 |    11 ||    32
       Potion            |       |       |     1 |     4 ||     5
  Eat: Chunk             |       |     6 |     1 |     5 ||    12
       Ration            |       |     1 |     4 |     4 ||     9
Armor: Ring mail         |     7 |    41 |    52 |       ||   100
       Animal skin       |     1 |       |       |       ||     1
       Plate armour      |       |       |    77 |    67 ||   144
       Pearl dragon scal |       |       |       |    78 ||    78
       Skin              |       |       |       |    15 ||    15
Dodge: Dodged            |    20 |    88 |   108 |   161 ||   377
Block: Shield            |       |       |    36 |       ||    36

Table legend:
 A = Non-vault XP
 B = Vault XP
 C = Vault XP percentage of total XP
 D = Non-vault monster count
 E = Vault monster count
 F = Vault count percentage of total count
                 A         B        C        D         E       F
            +---------+---------+-------+---------+---------+-------
      Total |    8583 |    7355 |  46.1 |     212 |      33 |  13.5
            +---------+---------+-------+---------+---------+-------
        D:1 |       7 |       1 |  12.5 |       5 |       1 |  16.7
        D:2 |     174 |       0 |   0.0 |      26 |       0 |   0.0
        D:3 |     206 |      36 |  14.9 |      28 |       1 |   3.4
        D:4 |     585 |     923 |  61.2 |      24 |       3 |  11.1
        D:5 |     701 |       0 |   0.0 |      14 |       0 |   0.0
        D:6 |     798 |     377 |  32.1 |      24 |       3 |  11.1
        D:7 |    1026 |    1227 |  54.5 |      24 |       2 |   7.7
        D:8 |     763 |     460 |  37.6 |      18 |       1 |   5.3
        D:9 |     969 |    1746 |  64.3 |      19 |      10 |  34.5
       D:10 |    1675 |    1048 |  38.5 |      21 |       7 |  25.0
     Lair:1 |    1679 |    1537 |  47.8 |       9 |       5 |  35.7
            +---------+---------+-------+---------+---------+-------
